AoeStats
← Lucasp103342

Arabia

509458837Analyzed
1v1 RM · 6d ago on Sep 26, 2026· 33m 7s· 2 players
Game mode
Random Map
Map size
Tiny (2 player)
Population
200
Speed
Normal
Resources
Standard
Victory
Conquest
Starting age
Dark Age
Ending age
Imperial Age
RankedLock teamsTeams togetherTeam positionsShared explorationLock speedFull tech treeHidden civsTurbo modeCheats
Victory
Defeat
🇧🇪 Franks · Belgium
957
+17
🇦🇷 Slavs · Argentina
968
-17
Loite
10:07 Feudal Age
12:22 Double-Bit Axe
13:28 Loom
14:59 Scale Barding Armor
19:09 Town Watch
24:51 Castle Age
23:22 Gold Mining
23:51 Forging
26:01 Chain Barding Armor
26:11 Bow Saw
27:49 Husbandry
Lucasp103342
7:47 Loom
10:14 Feudal Age
13:32 Man-at-Arms
17:05 Wheelbarrow
16:46 Double-Bit Axe
22:16 Castle Age
23:18 Forging
24:16 Horse Collar
25:03 Long Swordsman
28:33 Pikeman
Connection lost

Rejoining the realm…

Still unreachable

The connection could not be restored.

Session expired

The server has moved on; the page needs a fresh start.